 Dungeon Crawl Stone Soup version 0.29-a0-1043-g569b05d6ff (webtiles) character file.

Game seed: 8458297670541935345

19330 nickcage the Impaler (level 12, -21/102 HPs)
             Began as a Merfolk Gladiator on Aug 15, 2022.
             Was an Elder of Qazlal.
             Demolished by a boulder beetle (49 damage)
             ... on level 10 of the Dungeon.
             The game lasted 00:33:05 (12854 turns).

nickcage the Impaler (Merfolk Gladiator)           Turns: 12854, Time: 00:33:05

Health: -21/102    AC: 30    Str: 18    XL:     12   Next: 67%
Magic:  16/16      EV:  5    Int:  8    God:    Qazlal [****..]
Gold:   562        SH:  5    Dex: 16    Spells: 11/11 levels left

rFire   . . .      SeeInvis .   o - +3 halberd
rCold   . . .      Faith    .   (shield currently unavailable)
rNeg    . . .      Spirit   .   D - +2 crystal plate armour
rPois   +          Reflect  .   c - +1 helmet
rElec   .          Harm     .   J - +2 cloak
rCorr   .          Rampage  .   L - +0 pair of gloves
Will    +....                   g - +0 pair of boots
Stlth   ..........              n - amulet of the acrobat
HPRegen 0.27/turn               Q - ring of willpower
MPRegen 0.15/turn               O - ring of poison resistance

@: repel missiles
A: (nimble swimmer 2), mertail
a: Renounce Religion, Upheaval, Elemental Force


You were on level 10 of the Dungeon.
You worshipped Qazlal.
Qazlal was greatly pleased with you.
You visited 2 branches of the dungeon, and saw 11 of its levels.
You also visited: Bailey.

You collected 659 gold pieces.
You spent 97 gold pieces at shops.

Inventory:

Hand Weapons
 a - a +0 trident
 o - a +3 halberd (weapon)
 C - a +7 battleaxe
Missiles
 d - 2 throwing nets
 e - 7 javelins
 t - 17 boomerangs (quivered)
 I - 6 silver javelins
Armour
 b - a +0 leather armour
 c - a +1 helmet (worn)
 g - a +0 pair of boots (worn)
 p - a +0 chain mail
 D - a +2 crystal plate armour (worn)
 J - a +2 cloak (worn)
 K - a +0 buckler
 L - a +0 pair of gloves (worn)
Jewellery
 n - an amulet of the acrobat (around neck)
 r - a +6 ring of intelligence
 O - a ring of poison resistance (right hand)
 Q - a ring of willpower (left hand)
Wands
 k - a wand of flame (34)
 s - a wand of mindburst (19)
 E - a wand of paralysis (8)
 G - a wand of iceblast (11)
Scrolls
 i - 2 scrolls of fear
 j - a scroll of amnesia
 l - 2 scrolls of poison
 u - 4 scrolls of butterflies
 y - 3 scrolls of magic mapping
 z - 2 scrolls of teleportation
 F - a scroll of blinking
Potions
 f - 2 potions of heal wounds
 h - 4 potions of flight
 m - a potion of berserk rage
 q - 5 potions of mutation
 v - 3 potions of might
 w - a potion of attraction
 x - a potion of magic {unknown}
 A - 3 potions of brilliance
 B - a potion of haste {unknown}
 H - a potion of ambrosia {unknown}
 M - a potion of cancellation {unknown}
 N - 2 potions of curing
 P - a potion of resistance {unknown}


   Skills:
 * Level 12.2 Fighting
 + Level 16.4 Polearms
 - Level 2.0 Throwing
 * Level 8.6 Armour
 * Level 9.5 Dodging
 * Level 5.8 Invocations


You had 11 spell levels left.
You didn't know any spells.
Your spell library contained the following spells:

 Spells                   Type           Power      Damage    Failure   Level
 Shock                    Conj/Air       0%         1d3       100%        1
 Sublimation of Blood     Necr           0%         N/A       100%        2
 Wereblood                Tmut           0%         N/A       100%        2
 Confusing Touch          Hex            0%         N/A       100%        3
 Dazzling Flash           Conj/Hex       0%         N/A       100%        3
 Swiftness                Air            0%         N/A       100%        3
 Airstrike                Air            0%         2d(0-16)  100%        4
 Animate Dead             Necr           0%         N/A       100%        4
 Iskenderun's Mystic Bla  Conj/Tloc      0%         2d3       100%        4
 Summon Lightning Spire   Summ/Air       0%         N/A       100%        4
 Yara's Violent Unravell  Hex/Tmut       0%         3d3       100%        5
 Starburst                Conj/Fire      0%         6d3       100%        6
 Enfeeble                 Hex            0%         N/A       100%        7
 Haunt                    Necr/Summ      0%         N/A       100%        7
 Storm Form               Tmut/Air       0%         N/A       100%        7
 Summon Hydra             Summ           0%         N/A       100%        7
 Infestation              Necr           0%         N/A       100%        8
 Maxwell's Capacitive Co  Air            0%         ∞         100%        8


Dungeon Overview and Level Annotations

Branches:
Dungeon (10/15)            Temple (0/1) D:6            Lair (1/5) D:9
    Orc (0/2) D:10         Bailey (visited)

Altars:
Ashenzari
Dithmenos
Elyvilon
Fedhas
Gozag
Kikubaaqudgha
Nemelex Xobeh
Qazlal
Ru
Sif Muna
Uskayaw
Vehumet
Yredelemnul
Zin

Shops:
D:3 (   D:4 ?   D:9 *   D:10 *

Annotations:
D:7 3 runed translucent doors, Sabo's ghost, novice DsBe
D:10 3 runed translucent doors, Newt's ghost, journeyman DsGl


Innate Abilities, Weirdness & Mutations

((You are very nimble when in or above water. (Stealth+, EV+, Speed+++)))
Your lower body shifts to a powerful aquatic tail in water.


Message History

You hit the boulder beetle.
The boulder beetle is severely wounded.
You block the boulder beetle's attack.
You hit the boulder beetle.
The boulder beetle is severely wounded.
The boulder beetle bites you.
* * * LOW HITPOINT WARNING * * *
You hit the boulder beetle but do no damage.
The boulder beetle is severely wounded.
The boulder beetle leaps!
You are too injured to fight recklessly!
Throw: 18 boomerangs
Press: ? - help, Q - select action, (/) - cycle Shift-Dir - straight line, f/p - boulder beetle
Aim: a boulder beetle (severely wounded, 91% to hit)
You throw a boomerang.
The boomerang hits the boulder beetle but does no damage.
The boulder beetle is severely wounded.
The boulder beetle leaps!
You closely miss the troll. The troll bites you.
* * * LOW HITPOINT WARNING * * *
The troll claws you but does no damage. x2
You puncture the troll!
The troll is heavily wounded.
The troll bites you but does no damage. You block the troll's attack.
The troll claws you but does no damage.
You impale the troll!!
You kill the troll!
Qazlal accepts your kill.
The boulder beetle curls into a ball and begins rolling!
Throw: 17 boomerangs
Press: ? - help, Q - select action, (/) - cycle Shift-Dir - straight line, f/p - boulder beetle
Aim: a boulder beetle (severely wounded, rolling, 91% to hit)
You throw a boomerang.
The boomerang hits the boulder beetle but does no damage.
The boulder beetle is severely wounded.
You are too injured to fight recklessly!
You hit the boulder beetle but do no damage.
The boulder beetle is severely wounded.
The boulder beetle hits you!!!
You die...

##. #.....###..# #
#.....#...##
###....†#.#.# #### ...
#..#...#..#.# #...## ..
#.#.###.#[#.# <....# ..
##....#..##.# .....##.#
#.## ####.#####.#
.....##.# #.#}##
#.....##.# #...###.#
#.##@# ##...#..#.#
##.## #.# #.B#)###...##
.# ##.#
#W###.##°.###......#. #
...#
#..[...°(..............
.###
#[###..##.###..#......#
.# #.# #..#..#
#.###...### .#
#†##.##.##. #.. ..## .#
##.### #. ####.. ..# .#
#..# # ###.##


You could see a boulder beetle (rolling).

Vanquished Creatures
  An orc warlord (Bailey)
  A boulder beetle (D:10)
  3 two-headed ogres
  A centaur warrior (D:10)
  An orc knight (D:10)
  A wolf spider (D:10)
  An ugly thing (D:10)
  A cyclops (D:10)
  Maurice (D:8)
  A gargoyle (D:10)
  A cane toad (D:9)
  Maggie (D:9)
  Psyche (D:9)
  2 trolls (D:10)
  2 hornets
  A wraith (D:10)
  3 shadows
  4 wyverns
  7 yaks
  A steam dragon (D:9)
  Edmund (D:6)
  6 water moccasins
  10 orc warriors
  2 ice beasts
  4 ogres
  4 centaurs
  2 sky beasts (D:8)
  A phantom (D:5)
  2 kobold brigands (D:7)
  2 bullfrogs
  Blork the orc (D:4)
  A necrophage (D:8)
  A gnoll sergeant (D:7)
  7 scorpions
  A killer bee (D:10)
  A howler monkey (D:10)
  A lava snake (D:7)
  4 jellies (D:5)
  4 orc priests
  A gnoll bouda (D:6)
  8 hounds
  2 iguanas
  12 orc wizards
  A centaur simulacrum (D:10)
  10 adders
  A river rat (D:4)
  10 gnolls
  2 white imps (D:8)
  A worm (D:4)
  3 dart slugs
  26 orcs
  12 ball pythons
  2 bat zombies (D:3)
  7 endoplasms
  6 giant cockroaches
  5 hobgoblins
  2 quokkas
  13 bats
  5 frilled lizards
  14 goblins
  23 kobolds
  4 rats
  2 rat zombies (D:3)
262 creatures vanquished.

Vanquished Creatures (others)
  An orc wizard (D:8)
  A fungus (Lair:1)
  33 plants
35 creatures vanquished.

Grand Total: 297 creatures vanquished

Notes
Turn   | Place    | Note
-------+----------+-------------------------------------------
     0 | D:1      | nickcage the Merfolk Gladiator began the quest for the Orb.
     0 | D:1      | Reached XP level 1. HP: 16/16 MP: 1/1
   205 | D:1      | Reached XP level 2. HP: 22/22 MP: 2/2
   295 | D:1      | Reached skill level 5 in Polearms
   482 | D:1      | You fall into a shaft and drop 1 floor!
   577 | D:2      | Reached XP level 3. HP: 24/27 MP: 3/3
   922 | D:2      | Found a faded altar of an unknown god.
   970 | D:1      | Reached skill level 6 in Polearms
  1530 | D:2      | Reached XP level 4. HP: 32/33 MP: 4/4
  2230 | D:3      | Found a stormy altar of Qazlal.
  2238 | D:3      | Became a worshipper of Qazlal Stormbringer
  2312 | D:3      | Found a white marble altar of Elyvilon.
  2332 | D:3      | Reached skill level 7 in Polearms
  2449 | D:3      | Reached XP level 5. HP: 38/38 MP: 5/5
  2577 | D:3      | Found Faaceten's Antique Weapon Shoppe.
  2738 | D:3      | Found an ancient bone altar of Kikubaaqudgha.
  2919 | D:4      | Reached skill level 8 in Polearms
  2932 | D:4      | Reached XP level 6. HP: 13/44 MP: 6/6
  3299 | D:4      | Reached * piety under Qazlal
  3319 | D:4      | Reached skill level 9 in Polearms
  3390 | D:4      | Noticed Blork the orc
  3414 | D:5      | Entered Level 5 of the Dungeon
  3595 | D:4      | Killed Blork the orc
  3846 | D:4      | Noticed a water moccasin
  3861 | D:4      | Killed a water moccasin
  3862 | D:4      | Reached skill level 10 in Polearms
  3862 | D:4      | Reached XP level 7. HP: 6/50 MP: 7/7
  4211 | D:4      | Found Budaz's Magic Scroll Shop.
  4353 | D:4      | Reached skill level 13 in Polearms
  4353 | D:4      | Reached skill level 5 in Armour
  4353 | D:4      | Reached XP level 8. HP: 68/68 MP: 8/8
  4674 | D:4      | Reached skill level 14 in Polearms
  4730 | D:4      | Found the +7 Singing Sword {vorpal, sonic wave}
  5144 | D:5      | Reached XP level 9. HP: 18/75 MP: 9/9
  5573 | D:5      | Found an opulent altar of Gozag.
  5600 | D:5      | Noticed a hornet
  5607 | D:5      | Paralysed by a hornet for 1 turns
  5608 | D:5      | Killed a hornet
  5927 | D:5      | Found a shadowy altar of Dithmenos.
  5927 | D:5      | Found a radiant altar of Vehumet.
  6011 | D:5      | Identified the +6 leather armour of the Wary Keeping Lies
                  | {rC++ rCorr}
  6199 | D:6      | Noticed Edmund
  6209 | D:6      | Killed Edmund
  6275 | D:6      | Reached ** piety under Qazlal
  6732 | D:6      | Reached skill level 5 in Dodging
  6835 | D:6      | Found a staircase to the Ecumenical Temple.
  7085 | D:7      | Found a flagged portal.
  7090 | Bailey   | Entered a bailey
  7104 | Bailey   | Noticed an orc warlord
  7529 | Bailey   | Found a runed translucent gate.
  7533 | Bailey   | Found a runed translucent gate.
  7534 | Bailey   | Found a runed translucent gate.
  7571 | Bailey   | Reached *** piety under Qazlal
  7585 | Bailey   | Killed an orc warlord
  7586 | Bailey   | Reached skill level 15 in Polearms
  7586 | Bailey   | Reached XP level 10. HP: 37/83 MP: 10/10
  7619 | Bailey   | Reached skill level 10 in Fighting
  7619 | Bailey   | Reached XP level 11. HP: 49/92 MP: 10/14
  7863 | D:7      | Found a blossoming altar of Fedhas.
  7867 | D:7      | Found a sacrificial altar of Ru.
  7886 | D:7      | Noticed Sabo's ghost (novice DsBe)
  7890 | D:7      | Found a runed translucent gate.
  7890 | D:7      | Found a runed translucent gate.
  7890 | D:7      | Found a runed translucent gate.
  8132 | D:7      | Found a hide-covered altar of Uskayaw.
  8134 | D:7      | Noticed a +0 dagger
  8135 | D:7      | Noticed a +0 hand axe
  8305 | D:7      | Found a sparkling altar of Nemelex Xobeh.
  8692 | D:8      | Found a basalt altar of Yredelemnul.
  8776 | D:8      | Noticed Maurice
  8799 | D:8      | Killed Maurice
 10013 | D:9      | Noticed Maggie
 10024 | D:9      | Killed Maggie
 10107 | D:9      | Reached **** piety under Qazlal
 10126 | D:9      | Noticed Psyche
 10147 | D:9      | Killed Psyche
 10401 | D:9      | Found a staircase to the Lair.
 10457 | D:9      | Found Recrom's General Store.
 10465 | D:9      | Bought a scroll of enchant armour for 97 gold pieces
 10670 | D:9      | Identified the +6 leather armour "Garim" {rPois SInv}
 10790 | D:9      | Noticed a two-headed ogre
 10800 | D:9      | Killed a two-headed ogre
 10801 | D:9      | Reached XP level 12. HP: 71/100 MP: 15/15
 10975 | D:10     | Entered Level 10 of the Dungeon
 10975 | D:10     | Found a staircase to the Orcish Mines.
 10983 | D:10     | Noticed a boulder beetle
 11450 | Lair:1   | Entered Level 1 of the Lair of Beasts
 11469 | Lair:1   | Noticed a five-headed hydra
 11487 | Lair:1   | Reached skill level 5 in Invocations
 11763 | D:10     | Found a broken altar of Ashenzari.
 11808 | D:10     | Found a runed translucent gate.
 11809 | D:10     | Found a runed translucent gate.
 11810 | D:10     | Found a runed translucent gate.
 11812 | D:10     | Noticed Newt's ghost (journeyman DsGl)
 11833 | D:10     | Found a shimmering blue altar of Sif Muna.
 11883 | D:10     | Reached skill level 16 in Polearms
 11888 | D:10     | Noticed a two-headed ogre
 11892 | D:10     | Noticed a two-headed ogre
 11898 | D:10     | Killed a two-headed ogre
 12189 | D:10     | Noticed a centaur warrior
 12202 | D:10     | Noticed a boulder beetle
 12204 | D:10     | Noticed a centaur warrior
 12219 | D:10     | Killed a centaur warrior
 12479 | D:10     | Killed a two-headed ogre
 12587 | D:10     | Killed a boulder beetle
 12723 | D:10     | Found a glowing silver altar of Zin.
 12723 | D:10     | Found Zin's Purification Station.
 12854 | D:10     | Demolished by a boulder beetle

Illustrated notes

Levels and vault maps discovered:
D:1:      roderic_crop_circles_arrival_small, layout_basic
D:2:      minmay_skewed_foursquare, layout_basic, ebering_ecumenical_altar_webs
D:3:      layout_loops_ring, nicolae_qazlal_eye_of_the_storm, elyvilon_altar_5,
          lemuel_zombie_altar_kikubaaqudgha, serial_shops, shop
D:4:      old_forge, layout_cave_pods, portal_sewer_entry_b, serial_shops,
          nicolae_shop_behind_doors, minmay_cupped, uniq_blork_the_orc
D:5:      cheibrodos_iron_armory, layout_basic,
          gammafunk_temple_overflow_elements, mainiacjoe_overflow_boulevard,
          serial_glass, glass_columns_b, glass_columns_a
D:6:      layout_rooms, minmay_temple_entry_fiery, uniq_edmund
D:7:      layout_basic, nemelex_dance_club_becter, dancing_weapons_uskayaw,
          chequers_temple_overflow_statue_of_worship, gammafunk_ghost_split,
          enter_bailey_3, minmay_misc_feat_more_columns, kennysheep_diamond
D:8:      layout_loops_corners, nicolae_overflow_crystal_walls, uniq_maurice
D:9:      layout_roguey, minmay_lair_entry_grove, serial_shops, shop,
          minmay_door_square, uniq_maggie, uniq_psyche
D:10:     minmay_the_grid_3x2 [minmay_the_grid_x, minmay_the_grid_eight,
          minmay_the_grid_spin_star, minmay_the_grid_doors,
          minmay_the_grid_garden, minmay_the_grid_prize_trominoes],
          layout_loops_ring, zin_purify, ashenzari_conservatory_becter,
          mainiacjoe_overflow_tiny_flanked, orc_0_dummy,
          ebering_ghost_rock_garden
Lair:1:   layout_chaotic_city, hangedman_lair_generics_rect,
          infiniplex_staircase_pool_2

Skill      XL: |  1  2  3  4  5  6  7  8  9 10 11 12 |
---------------+-------------------------------------+-----
Polearms       | 5 6 7 8 10 13 14 15 16 | 16.4
Fighting       | 8 9 10 11 12 | 12.2
Armour         | 5 6 7 8 |  8.6
Dodging        | 5 8 9 |  9.5
Invocations    | 4 5 |  5.8
Throwing       | |  2.0

Action                   |  1- 3 |  4- 6 |  7- 9 | 10-12 || total
-------------------------+-------+-------+-------+-------++-------
Melee: Trident           |   102 |    22 |       |       ||   124
       Halberd           |       |   127 |   265 |   433 ||   825
       Tailslap          |       |       |     2 |       ||     2
Throw: Throwing net      |       |     1 |       |       ||     1
       Boomerang         |       |       |     5 |    15 ||    20
  Use: Scroll            |       |     8 |    13 |     6 ||    27
       Potion            |       |     1 |     8 |     3 ||    12
 Stab: Sleeping          |     6 |       |       |       ||     6
       Held in net/web   |       |     1 |       |       ||     1
Armor: Leather armour    |    26 |     2 |       |       ||    28
       Chain mail        |       |    54 |    80 |       ||   134
       Crystal plate arm |       |       |       |   160 ||   160
Dodge: Dodged            |    69 |    71 |    95 |    56 ||   291
Block: Other             |       |     1 |     9 |    48 ||    58

Table legend: (Time is in decaauts)
 A = Elapsed time spent in this place.
 B = Non-inter-level travel time spent in this place.
 C = Inter-level travel time spent in this place.
 D = Time resting spent in this place.
 E = Time spent auto-exploring this place.
 F = Levels seen in this place.
 G = Mean time per level.
                   A        B        C        D        E       F      G
               +--------+--------+--------+--------+--------+-----+--------+
         Total |  12695 |  12406 |    289 |   3719 |   6568 |  12 | 1057.9 |
       Dungeon |  11979 |  11690 |    289 |   3316 |   6472 |  10 | 1197.9 |
          Lair |     36 |     36 |      0 |      0 |     14 |   1 |   36.0 |
        Bailey |    679 |    679 |      0 |    403 |     81 |   1 |  679.0 |
               +--------+--------+--------+--------+--------+-----+--------+

Top non-repeatable levels by time:
     D:9: 2273 daAuts
     D:4: 1939 daAuts
     D:5: 1404 daAuts
     D:8: 1366 daAuts
     D:1: 1324 daAuts
     D:2: 852 daAuts
     D:7: 820 daAuts
     D:6: 729 daAuts
  Bailey: 679 daAuts
     D:3: 668 daAuts
    D:10: 600 daAuts
  Lair:1: 36 daAuts
